 Dungeon Crawl Stone Soup version 0.27-a0-538-g15ff5c5295 (webtiles) character file.

Game seed: 10036230125756154435

3077 HoaS the Cruncher (level 10, -10/70 HPs)
             Began as a Formicid Fighter on Mar 6, 2021.
             Was a Priest of Okawaru.
             Killed from afar by an electric eel (11 damage)
             ... with a bolt of electricity
             ... on level 8 of the Dungeon.
             The game lasted 00:16:34 (8910 turns).

HoaS the Cruncher (Formicid Fighter)                Turns: 8910, Time: 00:16:35

Health: -10/70     AC: 11    Str: 21    XL:     10   Next: 12%
Magic:  11/11      EV:  6    Int:  9    God:    Okawaru [***...]
Gold:   317        SH: 12    Dex: 12    Spells: 9/9 levels left

rFire    + . .     SeeInvis +   a - +0 quarterstaff
rCold    . . .     Faith    .   c - +1 kite shield
rNeg     . . .     Spirit   .   d - +0 plate armour
rPois    .         Reflect  .   (helmet unavailable)
rElec    .         Harm     .   (no cloak)
rCorr    .         Rampage  .   (no gloves)
Will     +....                  (no boots)
Stlth    ..........             k - amulet of the acrobat
HPRegen  0.21/turn              b - ring of protection from fire
MPRegen  0.12/turn              (no ring)

@: very slow
A: permanent stasis, dig shafts and tunnels, antennae 3, four strong arms
a: Dig, Shaft Self, Renounce Religion, Heroism


You were on level 8 of the Dungeon.
You worshipped Okawaru.
Okawaru was most pleased with you.
You visited 2 branches of the dungeon, and saw 9 of its levels.

You collected 317 gold pieces.

Inventory:

Hand Weapons
 a - a +0 quarterstaff (weapon)
Missiles
 e - 45 bolts
Armour
 c - a +1 kite shield (worn)
 d - a +0 plate armour (worn)
Jewellery
 b - a ring of protection from fire (left hand)
 k - an amulet of the acrobat (around neck)
Wands
 h - a wand of flame (14)
 l - a wand of acid (10) (quivered)
 m - a wand of polymorph (5)
 s - a wand of mindburst (5)
 v - a wand of random effects (18)
Scrolls
 j - a scroll of identify
 r - a scroll of fear
 t - a scroll of fog
Potions
 f - a potion of resistance
 g - a potion of cancellation
 i - a potion of heal wounds
 n - 3 potions of mutation
 o - 4 potions of curing
 p - a potion of attraction
 q - a potion of lignification {unknown}
 u - a potion of flight {unknown}


   Skills:
 - Level 3.2 Fighting
 * Level 11.4 Staves
 - Level 3.2 Armour
 - Level 9.0 Shields
 - Level 2.5 Invocations


You had 9 spell levels left.
You didn't know any spells.
Your spell library contained the following spells:

 Spells                   Type           Power      Damage    Failure   Level
 Animate Skeleton         Necr           0%         N/A       100%        1
 Foxfire                  Conj/Fire      0%         2x1d4     100%        1
 Pain                     Necr           0%         1d4       100%        1
 Summon Small Mammal      Summ           0%         N/A       100%        1
 Call Imp                 Summ           0%         N/A       100%        2
 Call Canine Familiar     Summ           0%         N/A       100%        3
 Conjure Flame            Conj/Fire      0%         6-21      100%        3
 Inner Flame              Hex/Fire       0%         N/A       100%        3
 Summon Guardian Golem    Hex/Summ       0%         N/A       100%        3
 Vampiric Draining        Necr           0%         2d6       100%        3
 Animate Dead             Necr           0%         N/A       100%        4
 Sticky Flame             Conj/Fire      0%         2d3       100%        4
 Summon Ice Beast         Ice/Summ       0%         N/A       100%        4
 Summon Lightning Spire   Summ/Air       0%         N/A       100%        4
 Agony                    Necr           0%         N/A       100%        5
 Fireball                 Conj/Fire      0%         3d3       100%        5


Dungeon Overview and Level Annotations

Branches:
Dungeon (8/15)             Temple (1/1) D:5
   Lair: D:8-11

Altars:
Ashenzari
Dithmenos
Elyvilon
Fedhas
Gozag
Hepliaklqana
Nemelex Xobeh
Okawaru
Qazlal
Ru
Trog
Uskayaw
Vehumet
Xom
Zin
The Shining One

Shops:
D:6 (


Innate Abilities, Weirdness & Mutations

You cannot be hasted, slowed, berserked, paralysed or teleported.
You can dig through walls and to a lower floor.
You have a pair of large antennae on your head. (SInv)
Your four strong arms can wield two-handed weapons with a shield.


Message History

The bolt of electricity hits you!
The electric eel shoots out a bolt of lightning at you!
The bolt of electricity hits you!
The electric eel shoots out a bolt of lightning at you!
The bolt of electricity hits you!
The electric eel shoots out a bolt of lightning at you!
The bolt of electricity hits you!
The electric eel shoots out a bolt of lightning at you!
The bolt of electricity hits you!
You start resting.
HP restored.
The electric eel shoots out a bolt of lightning at you!
The bolt of electricity hits you!
The electric eel shoots out a bolt of lightning at you!
The bolt of electricity misses you.
The electric eel shoots out a bolt of lightning at you!
The bolt of electricity hits you.
The electric eel shoots out a bolt of lightning at you!
The bolt of electricity hits you!
The electric eel shoots out a bolt of lightning at you!
The bolt of electricity misses you.
The electric eel shoots out a bolt of lightning at you!
The bolt of electricity misses you.
The electric eel shoots out a bolt of lightning at you!
The bolt of electricity hits you!
You enter the shallow water.
Moving in this stuff is going to be slow.
The electric eel shoots out a bolt of lightning at you!
The bolt of electricity hits you!
The electric eel shoots out a bolt of lightning at you!
The bolt of electricity hits you!
* * * LOW HITPOINT WARNING * * *
Your unstable footing causes you to fumble your attack.
The electric eel shoots out a bolt of lightning at you!
The bolt of electricity hits the electric eel.
The electric eel completely resists.
The bolt of electricity hits you!
* * * LOW HITPOINT WARNING * * *
The electric eel shoots out a bolt of lightning at you!
The bolt of electricity hits you!
You die...

......#
......#...#≈≈≈≈≈≈..≈.≈≈≈..
......#...#.≈≈≈≈;..≈.≈≈≈...
.##...#......≈≈≈....≈≈≈....
.###+##...#..≈≈.≈≈.≈≈≈≈....
>##..##...#....≈≈≈.≈≈≈≈≈...
..#..#........≈≈≈≈.≈≈≈≈≈...
.##..#....#..≈≈≈;≈.≈.≈≈≈...
.##..#....#....≈@≈.≈.≈≈....
.....#......≈≈..≈≈...≈.....
..)..÷.....................
###..###..#................
########'###..##..####.###.
.#<...#.......#....# ...
.#....#.......#....# ...
.#....'.......#....# ...
.#....#.......)....# ...


You could see 2 electric eels.

Vanquished Creatures
  A troll (D:8)
  Edmund (D:4)
  A water moccasin (D:6)
  An ice beast (D:7)
  2 sky beasts (D:7)
  An orc warrior (D:6)
  5 wolves (D:8)
  4 ogres
  3 centaurs
  A phantom (D:5)
  A bullfrog (D:6)
  2 scorpions
  3 wights (D:5)
  7 hounds
  3 jellies
  An orc priest (D:6)
  3 iguanas
  An orc wizard (D:6)
  Natasha (thrice) (D:4)
  5 worker ants
  A hound skeleton (D:6)
  A worker ant zombie (D:5)
  3 gnolls
  A howler monkey skeleton (D:4)
  11 adders
  3 shadow imps (D:5)
  A white imp (D:7)
  4 ufetubi
  An ooze (D:5)
  2 worms
  2 dart slugs
  5 leopard geckos
  3 orcs
  4 ball pythons
  3 bats
  3 giant cockroaches
  4 goblins
  12 hobgoblins
  3 jackals (D:7)
  3 quokkas
  A ball python zombie (D:6)
  6 frilled lizards
  6 kobolds
  15 rats
147 creatures vanquished.

Notes
Turn   | Place    | Note
-------+----------+-------------------------------------------
     0 | D:1      | HoaS the Formicid Fighter began the quest for the Orb.
     0 | D:1      | Reached XP level 1. HP: 18/18 MP: 1/1
    80 | D:1      | Reached XP level 2. HP: 16/24 MP: 2/2
   596 | D:1      | Reached XP level 3. HP: 28/29 MP: 3/3
   600 | D:1      | Reached skill level 3 in Staves
  1365 | D:2      | Reached XP level 4. HP: 35/35 MP: 4/4
  1697 | D:2      | Reached skill level 4 in Staves
  1866 | D:2      | Reached XP level 5. HP: 30/41 MP: 5/5
  2574 | D:3      | Found a bloodstained altar of Trog.
  2590 | D:3      | Found a sparkling altar of Nemelex Xobeh.
  2736 | D:3      | Noticed an ogre
  2742 | D:3      | Killed an ogre
  2743 | D:3      | Reached skill level 5 in Shields
  2743 | D:3      | Reached XP level 6. HP: 38/47 MP: 6/6
  2970 | D:4      | Noticed Natasha
  2975 | D:4      | Reached skill level 5 in Staves
  2981 | D:4      | Killed Natasha
  3095 | D:4      | Identified the +0 robe "Yshrotu" {rN+ Slay+6 Stlth-}
  3628 | D:4      | Noticed Natasha
  3646 | D:4      | Killed Natasha
  3963 | D:4      | Noticed Natasha
  3969 | D:4      | Killed Natasha
  3985 | D:4      | Noticed Edmund
  4017 | D:4      | Killed Edmund
  4018 | D:4      | Reached skill level 6 in Staves
  4018 | D:4      | Reached XP level 7. HP: 11/52 MP: 7/7
  4297 | D:5      | Entered Level 5 of the Dungeon
  4307 | D:5      | Found a staircase to the Ecumenical Temple.
  4316 | Temple   | Entered the Ecumenical Temple
  4376 | Temple   | Became a worshipper of Warmaster Okawaru
  4455 | D:5      | Reached skill level 1 in Invocations
  4675 | D:5      | Reached XP level 8. HP: 36/58 MP: 9/9
  4850 | D:5      | Found an opulent altar of Gozag.
  5046 | D:5      | Reached skill level 7 in Staves
  5069 | D:5      | Reached * piety under Okawaru
  5138 | D:5      | Found a shimmering altar of Xom.
  5568 | D:6      | Found Elic Fao's Weapon Shoppe.
  5601 | D:6      | Reached skill level 8 in Staves
  5647 | D:6      | Found a glowing golden altar of the Shining One.
  5920 | D:6      | Reached ** piety under Okawaru
  5921 | D:6      | Reached XP level 9. HP: 34/64 MP: 10/10
  6436 | D:7      | Reached skill level 9 in Staves
  6723 | D:7      | Found a hazy altar of Hepliaklqana.
  7169 | D:8      | Reached skill level 10 in Staves
  7258 | D:8      | Reached *** piety under Okawaru
  8004 | D:8      | Reached skill level 11 in Staves
  8004 | D:8      | Reached XP level 10. HP: 39/70 MP: 11/11
  8166 | D:8      | HP: 1/70 [electric eel/bolt of electricity (13)]
  8187 | D:8      | HP: 1/70 [acid (3)]
  8910 | D:8      | HP: 1/70 [electric eel/bolt of electricity (14)]
  8910 | D:8      | Killed from afar by an electric eel

Illustrated notes

Levels and vault maps discovered:
D:1:      co_arrival_square_in_a_square_in_a_square, layout_basic,
          patterned_corridor
D:2:      layout_basic, hangedman_feature_mirror
D:3:      layout_loops_cross, grunt_temple_overflow_open, serial_park_tiny_1
D:4:      layout_loops_ring, minmay_box_of_dots, uniq_natasha, uniq_edmund
D:5:      layout_gridville, overflow_temple_1_default, lemuel_round_altar,
          minmay_temple_entry_tees
D:6:      layout_cave_pools, nicolae_tso_carved_into_rock, serial_shops, shop
D:7:      layout_loops_ring, nzn_hepliaklqana_mist_gate
D:8:      layout_gridville, cheibrodos_worm_habitat, lightli_temple_of_fire,
          erik_lair_island, serial_rivers, chequers_serial_rivers_room_a,
          chequers_serial_rivers_micro_d, chequers_serial_rivers_small_a,
          chequers_serial_rivers_small_b, basic_altar
Temple:   eino_wide_crystal_templ

Skill      XL: |  1  2  3  4  5  6  7  8  9 |
---------------+----------------------------+-----
Shields        | 4 5 6 8 9 |  9.0
Staves         | 3 4 6 8 11 | 11.4
Invocations    | 2 |  2.5
Fighting       | |  3.2
Armour         | |  3.2

Action                   |  1- 3 |  4- 6 |  7- 9 | 10-12 || total
-------------------------+-------+-------+-------+-------++-------
Melee: Quarterstaff      |   105 |   168 |   419 |    26 ||   718
 Abil: Dig               |       |       |     2 |       ||     2
Evoke: Wand              |       |     3 |     1 |       ||     4
  Use: Scroll            |     6 |     7 |     4 |       ||    17
       Potion            |       |       |     2 |     1 ||     3
Armor: Scale mail        |    26 |    35 |       |       ||    61
       Robe              |       |     1 |       |       ||     1
       Chain mail        |       |       |    41 |       ||    41
       Plate armour      |       |       |    77 |     7 ||    84
Dodge: Dodged            |    26 |    49 |    97 |    10 ||   182
Block: Kite shield       |    40 |    74 |   219 |    13 ||   346

Table legend: (Time is in decaauts)
 A = Elapsed time spent in this place.
 B = Non-inter-level travel time spent in this place.
 C = Inter-level travel time spent in this place.
 D = Time resting spent in this place.
 E = Time spent auto-exploring this place.
 F = Levels seen in this place.
 G = Mean time per level.
                   A        B        C        D        E       F      G
               +--------+--------+--------+--------+--------+-----+--------+
         Total |   8938 |   8757 |    181 |   3751 |   3402 |   9 |  993.1 |
       Dungeon |   8872 |   8704 |    168 |   3751 |   3362 |   8 | 1109.0 |
        Temple |     66 |     53 |     13 |      0 |     40 |   1 |   66.0 |
               +--------+--------+--------+--------+--------+-----+--------+

Top non-repeatable levels by time:
     D:8: 1955 daAuts
     D:4: 1472 daAuts
     D:3: 1128 daAuts
     D:2: 1014 daAuts
     D:6: 939 daAuts
     D:5: 930 daAuts
     D:1: 753 daAuts
     D:7: 677 daAuts
  Temple: 66 daAuts
